Match 26711979
Unlisted

Match 26711979
End
Construct Infanterie Kompanie
Selects Mechanized Battlegroup
MG 42 Machine Gun Team
Grenadier Squad
Grenadier Squad
Construct Luftwaffe Kompanie
GrW 34 Mortar Team
Jäger Squad
Luftwaffe Officer Quarters
Jäger Squad
Medical Station
Flak 30 Anti-aircraft Gun Team
Selects Raid Package
Construct Panzer Kompanie
RTK | I3
no talking no bibi
jm707090525
ConcernedApe
0
0

Comments sign in to comment!

No comments posted yet!